 Dungeon Crawl Stone Soup version 0.20.1-1-g8b1a95d (webtiles) character file.

658435 kefirnik the Spry (level 27, -14/210 HPs)
             Began as a Mummy Abyssal Knight on Nov 30, 2017.
             Was the Champion of Lugonu.
             Killed from afar by an orb of fire (100 damage)
             ... with a fireball
             ... on level 2 of the Realm of Zot on Dec 2, 2017.
             The game lasted 08:26:04 (136541 turns).

kefirnik the Spry (Mummy Abyssal Knight)          Turns: 136541, Time: 08:26:05

Health: -14/210    AC: 25    Str: 14 (16) XL:     27
Magic:  16/41      EV: 30    Int: 23      God:    Lugonu [******]
Gold:   1694       SH: 21    Dex: 23 (24) Spells: 13/55 levels left

rFire    . . .     SeeInvis +   q - +4 quick blade (distort)
rCold    + + +     Gourm    .   G - +2 shield
rNeg     + + +     Faith    .   H - +5 ring mail {rF+}
rPois    ∞         Spirit   .   X - +2 helmet {SInv}
rElec    +         Reflect  +   v - +1 cloak of Starlight {rElec rC+ EV+4 Stlth--}
rCorr    .         Harm     .   n - +2 pair of gloves {Dex+3}
MR       ++++.                  S - +2 pair of boots {run}
Stlth    ++........             h - +5 amulet of reflection
Regen    0.5/turn               o - ring "Nokhlecw" {*Drain +Blink MR+ Dex+5}
MPRegen  0.3/turn               L - ring "Teatoth" {rC+ Dex+4 Slay+2}

@: quick
A: no food or potions, fire vulnerability, cold resistance 1, negative energy
resistance 3, torment resistance, unbreathing, in touch with death 2
}: 3/15 runes: serpentine, barnacled, slimy
a: Depart the Abyss, Bend Space, Banish, Corrupt, Enter the Abyss, Renounce
Religion, Evoke Blink


You were on level 2 of the Realm of Zot.
You worshipped Lugonu.
Lugonu was exalted by your worship.
You were not hungry.

You visited 14 branches of the dungeon, and saw 57 of its levels.
You visited the Abyss 3 times.
You also visited: Volcano and Desolation.

You collected 6839 gold pieces.
You spent 5145 gold pieces at shops.

Inventory:

Hand Weapons
 a - the +8 autumn katana {slice, Clar}
   (You took it off a servant of whispers in the Desolation of Salt)

   It inflicts extra damage upon your enemies.
   It protects you against confusion.
 b - a +6 antimagic demon blade
 q - a +4 quick blade of distortion (weapon)
 w - a +2 vampiric scimitar
Missiles
 l - 1888 arrows
Armour
 m - a +0 shield of reflection
 n - a +2 pair of gloves of dexterity (worn)
 v - the +1 cloak of Starlight (worn) {rElec rC+ EV+4 Stlth--}
   (You bought it in a shop on level 12 of the Dungeon)

   It affects your evasion (+4).
   It protects you from cold.
   It insulates you from electricity.
   It makes you much less stealthy.
 G - a +2 shield (worn)
 H - a +5 ring mail of fire resistance (worn)
 S - a +2 pair of boots of running (worn)
 X - a +2 helmet of see invisible (worn)
Magical Staves
 J - an uncursed staff of energy {!a!a}
Jewellery
 h - a +5 amulet of reflection (around neck)
 o - the ring "Nokhlecw" (left hand) {*Drain +Blink MR+ Dex+5}
   (You bought it in a shop on level 1 of the Shoals)

   [ring of protection from magic]

   It affects your dexterity (+5).
   It affects your resistance to hostile enchantments.
   It lets you blink.
   It causes draining when unequipped.
 z - the ring of Springtime {Wiz rPois Str+3 Int+4}
   (You acquired it on level 1 of the Lair of Beasts)

   [ring of wizardry]

   It improves your spell success rate.
   It affects your strength (+3).
   It affects your intelligence (+4).
   It protects you from poison.
 A - the ring "Ejomip" {rCorr rF++ Int+2 Dex-2}
   (You bought it in a shop on level 1 of the Shoals)

   [ring of resist corrosion]

   It affects your intelligence (+2).
   It affects your dexterity (-2).
   It greatly protects you from fire.
 D - the ring of Wir Egre {rN+ Slay+6}
   (You found it on level 3 of the Crypt)

   [ring of positive energy]

   It affects your accuracy and damage with ranged weapons and melee attacks
   (+6).
   It protects you from negative energy.
 L - the ring "Teatoth" (right hand) {rC+ Dex+4 Slay+2}
   (You found it on level 5 of the Pits of Slime)

   [ring of protection from cold]

   It affects your dexterity (+4).
   It affects your accuracy and damage with ranged weapons and melee attacks
   (+2).
   It protects you from cold.
Wands
 k - a wand of iceblast (15/15)
 p - a wand of clouds (9/9)
 s - a wand of scattershot (4/9)
 u - a wand of scattershot (9/9)
 E - a wand of digging (23/24)
 P - a wand of scattershot (9/9)
Scrolls
 c - 11 scrolls of fog {@r6!r}
 d - 4 scrolls of immolation {!r}
 e - a scroll of amnesia
 f - 3 scrolls of holy word {!r}
 i - a scroll of identify {@r1}
 r - 14 scrolls of remove curse {@r2}
 t - 29 scrolls of teleportation {@r4!r}
 x - 5 scrolls of blinking {@r5!r}
 C - a scroll of fear
 F - a scroll of enchant weapon
 I - a scroll of enchant armour
 N - 6 scrolls of silence {!r}
 Q - 4 scrolls of torment {!r}
 V - 3 scrolls of vulnerability {!r!r}
Miscellaneous
 g - 2 boxes of beasts
 j - a fan of gales
 y - the horn of Geryon
 B - a lamp of fire
 O - 2 phantom mirrors
 W - 3 sacks of spiders


   Skills:
 - Level 16.1 Fighting
 - Level 8.7(13.4) Short Blades
 - Level 16.1(16.8) Long Blades
   Level 1.5 Polearms
 - Level 11.2 Armour
 * Level 18.3 Dodging
 - Level 8.0 Stealth
 - Level 15.0 Shields
 + Level 14.5 Spellcasting
 - Level 4.2 Conjurations
 - Level 4.0 Charms
 - Level 3.0 Summonings
 - Level 14.0 Necromancy
 - Level 5.3 Translocations
 - Level 10.0 Transmutations
 - Level 4.3 Fire Magic
 - Level 4.0 Ice Magic
 + Level 10.7 Air Magic
 - Level 3.0 Poison Magic
 - Level 15.5 Invocations


You had 13 spell levels left.
You knew the following spells:

 Your Spells              Type           Power        Failure   Level  Hunger
a - Airstrike             Air            ######....   1%          4    N/A
b - Lesser Beckoning      Tloc           #####.....   1%          3    N/A
c - Mephitic Cloud        Conj/Pois/Air  #####...     1%          3    N/A
d - Conjure Flame         Conj/Fire      #####...     3%          3    N/A
e - Apportation           Tloc           #####.       1%          1    N/A
f - Blink                 Tloc           N/A          1%          2    N/A
g - Passage of Golubria   Tloc           N/A          7%          4    N/A
h - Silence               Hex/Air        #####.....   19%         5    N/A
k - Swiftness             Chrm/Air       ######..     1%          2    N/A
m - Shroud of Golubria    Chrm/Tloc      #####.....   1%          2    N/A
n - Ozocubu's Armour      Chrm/Ice       #####...     3%          3    N/A
s - Poisonous Vapours     Pois/Air       #####.       1%          2    N/A
w - Call Imp              Summ           ####....     2%          2    N/A
x - Sticks to Snakes      Tmut           ######..     1%          2    N/A
z - Control Undead        Necr           ########..   1%          4    N/A

Dungeon Overview and Level Annotations

Branches:
Dungeon (15/15)            Temple (1/1) D:6            Lair (6/6) D:9
 Shoals (4/4) Lair:3        Snake (4/4) Lair:2        Slime (5/5) Lair:6
    Orc (2/2) D:9             Elf (3/3) Orc:2        Vaults (5/5) D:13
  Crypt (3/3) Vaults:3       Tomb (0/3) Crypt:3      Depths (5/5) D:15
   Hell (1/1)                 Dis (0/7) Hell            Geh (1/7) Hell
    Coc (0/7) Hell            Tar (0/7) Hell            Zot (2/5) Depths:5

Altars:
Makhleb
Qazlal
Vehumet
Xom
Yredelemnul
Beogh
Jiyva

Shops:
D:9 ?   D:12 [   D:15 %   Orc:2 :[(*=   Elf:3 }   Shoals:1 =   Shoals:3 (
Snake:3 :   Vaults:3 (   Vaults:4 (   Depths:1 =}}   Depths:4 %

Portals:
Hell: Depths:1 Depths:2 Depths:3 Depths:4 Depths:5
Abyss: Depths:2 Depths:3 Depths:4
Pandemonium: Depths:3
Ziggurat: Depths:1

Annotations:
D:4 exclusion: ogre
D:6 bees
D:15 exclusion: Roxanne, Roxanne
Shoals:2 Mara
Abyss:1 Azrael, Harold, Rupert


Innate Abilities, Weirdness & Mutations

You do not eat or drink.
Your flesh is vulnerable to fire.
You are immune to poison.
Your flesh is cold resistant. (rC+)
You are immune to negative energy. (rN+++)
You are immune to unholy pain and torment.
You can survive without breathing.
You are strongly in touch with the powers of death.


Message History

q - a +4 quick blade o' distortion (weapon)
Tha orb o' fire falters fer a momn't.
Ye closely miss tha orb o' fire.
Tha orb o' fire be moderately damaged.
Ye hit tha orb o' fire.
Space bends around tha orb o' fire.
Tha orb o' fire be moderately damaged.
Ye hit tha orb o' fire but do nay damage.
Tha orb o' fire looks slightly unst'ble.
Tha orb o' fire be moderately damaged.
Ye completely miss tha orb o' fire.
Tha orb o' fire be moderately damaged.
Ye hit tha orb o' fire.
Space bends around tha orb o' fire.
Tha orb o' fire be moderately damaged.
Tha orb o' fire falters fer a momn't.
Ye hit tha orb o' fire but do nay damage.
Tha orb o' fire be moderately damaged.
Tha orb o' fire blinks!
Tha orb o' fire emits a lurid red light.
Tha fireball 'splodes!
Tha fireball 'ngulfs ye!
Ye die...

...).......##
.......##...##
........###...##
....*.... ##...##
......... ##...##
..... ...###.[.##
.... .....#....##
............##
.........@.#.##
............#.##
............##.##
#...........##..#
#........[..###.#
.............##.#
..*..###....#..#
..... #....#..#
#....#..#


You could see an orb of fire.

Vanquished Creatures
  the Royal Jelly (Slime:5)
  An ancient lich (Crypt:3)
  A juggernaut (Depths:3)
  A curse toe (Zot:1)
  A caustic shrike (Depths:2)
  Xtahua (Vaults:4)
  Saint Roka (Depths:3)
  4 golden dragons
  2 bone dragons
  An electric golem (Zot:1)
  4 tentacled monstrosities
  9 liches
  Asterion (D:15)
  2 deep elf blademasters (Elf:2)
  A shard shrike skeleton (Crypt:1)
  4 titans
  25 acid blobs
  A quicksilver dragon (Zot:2)
  4 krakens
  2 deep elf master archers (Elf:3)
  Gastronok (Lair:1)
  2 death cobs (Zot:1)
  2 ancient champions (Depths:1)
  Polyphemus (Shoals:3)
  8 storm dragons
  7 shadow dragons
  Donald (Slime:4)
  Ilsuiw (Shoals:3)
  6 draconian monks
  6 tengu reavers
  A revenant (Crypt:3)
  10 nagarajas
  20 azure jellies
  13 vault wardens
  Louise (D:15)
  A draconian scorcher (Depths:5)
  2 draconian knights (Zot:1)
  16 frost giants
  15 fire giants
  A fire giant (shapeshifter) (Depths:4)
  Aizul (Snake:3)
  An iron dragon (Depths:2)
  A cacodemon (Depths:1)
  3 ghouls
  6 deep elf elementalists
  6 deep elf sorcerers
  2 imperial myrmidons (Desolation)
  4 spriggan defenders
  3 draconian stormcallers (Zot:1)
  13 ironheart preservers
  2 draconian annihilators
  A caustic shrike skeleton (Depths:1)
  4 reapers
  3 war gargoyles
  28 stone giants
  33 very ugly things
  7 vampire knights
  2 halazid warlocks (Desolation)
  3 white draconians
  5 deep elf annihilators
  7 deep elf demonologists
  4 black draconians
  4 green draconians
  A lorocyproca (Depths:1)
  2 yellow draconians
  14 spark wasps
  8 red draconians
  2 purple draconians
  A death ooze (Slime:5)
  3 blizzard demons
  16 ettins
  2 eidola
  9 jiangshi
  A quicksilver dragon zombie (Crypt:3)
  7 merfolk javelineers
  Josephine (D:13)
  6 merfolk impalers
  14 fire dragons
  3 deep elf death magi
  16 great orbs of eyes
  12 yaktaur captains
  4 crystal guardians
  2 deep elf high priests (Elf:3)
  2 ragged hierophants (Desolation)
  Fannar (D:9)
  5 vault guards
  6 servants of whispers (Desolation)
  14 ice dragons
  12 naga warriors
  A hell beast (Depths:4)
  3 merfolk avatars
  12 peacekeepers
  24 anacondas
  4 rakshasas
  6 spriggan air magi
  18 ogre magi
  A catoblepas (Shoals:2)
  4 death knights
  10 centaur warriors
  5 merfolk aquamancers
  An alligator (shapeshifter) (D:10)
  5 tengu warriors
  3 satyrs
  73 two-headed ogres
  9 deep troll earth magi
  3 vampire magi
  7 hell hogs (Hell)
  5 spriggan berserkers
  3 death yaks (Shoals:2)
  43 dancing weapons
  9 deep troll shamans
  11 shock serpents
  4 orc high priests
  4 sun demons
  A titan zombie (Crypt:3)
  6 soul eaters
  14 naga sharpshooters
  30 deep elf knights
  Sonja (D:12)
  11 hell knights
  An iron golem (Depths:1)
  Nergalle (D:9)
  33 skeletal warriors
  A sixfirhy (Depths:1)
  A deep troll (shapeshifter) (D:13)
  3 iron trolls
  3 anaconda zombies
  A glowing orange brain (shapeshifter) (Vaults:4)
  11 salamander mystics
  9 sea snakes
  2 tengu zombies
  2 unseen horrors
  A golden dragon zombie (Crypt:3)
  An entropy weaver zombie (Crypt:1)
  10 glowing orange brains
  Pikel (D:4)
  5 wizards
  A ghost moth zombie (Crypt:3)
  5 flayed ghosts
  A swamp dragon (shapeshifter) (Vaults:3)
  35 deep trolls
  6 lindwurms
  8 naga ritualists
  9 ironbrand convokers
  2 golden dragon skeletons
  8 phantasmal warriors
  2 anaconda skeletons
  17 deep elf archers
  A stone giant zombie (Crypt:3)
  A shadow dragon zombie (Crypt:3)
  20 mana vipers
  6 harpies
  18 orc knights
  4 fire giant zombies
  4 wolf spiders
  12 necromancers
  13 cyclopes
  2 wolf spiders (shapeshifter) (Depths:2)
  79 deep elf magi
  A shadow dragon skeleton (Geh:1)
  22 manticores
  52 ugly things
  2 frost giant zombies
  8 orc sorcerers
  13 shining eyes
  8 fauns
  12 merfolk sirens
  18 salamanders
  14 elephants
  5 rust devils
  Maurice (D:8)
  5 centaur zombies
  An ice statue (Hell)
  9 vault sentinels
  49 black mambas
  20 naga magi
  6 moths of wrath
  7 water nymphs
  2 molten gargoyles (Desolation)
  2 gargoyles
  10 guardian serpents
  The ghost of Regeox the Cutter, a novice DsCK of Okawaru (D:5)
  3 eyes of devastation
  5 centaur skeletons
  A smoke demon (Hell)
  13 spiny frogs
  3 rime drakes
  A hellion (Geh:1)
  A catoblepas zombie (Hell)
  A yaktaur zombie (Depths:1)
  32 yaktaurs
  6 orange demons
  11 komodo dragons
  A tormentor (Geh:1)
  10 freezing wraiths
  3 ice devils
  An anaconda simulacrum (Hell)
  2 yaktaur skeletons
  A hellwing (Abyss:3)
  5 kobold demonologists (D:14)
  2 red devils
  A spriggan skeleton (Depths:2)
  2 white draconian skeletons (Crypt:2)
  2 hydra zombies (Hell)
  2 polar bears (Lair:6)
  16 trolls
  A harpy zombie (Crypt:2)
  4 tengu conjurers
  29 merfolk
  13 hornets
  6 wind drakes
  Grinder (D:3)
  135 slime creatures
  17 blink frogs
  48 saltlings (Desolation)
  An elf zombie (Depths:2)
  18 hippogriffs
  6 snapping turtles
  9 dream sheep
  33 flying skulls
  An alligator skeleton (Hell)
  20 spriggans
  An ettin skeleton (Depths:2)
  4 shadows
  12 air elementals
  An ice dragon skeleton (Geh:1)
  2 tarantellas (shapeshifter)
  A fire dragon skeleton (Crypt:1)
  17 water elementals
  12 wraiths
  A fire bat (shapeshifter) (D:15)
  11 fire elementals
  A basilisk (shapeshifter) (Vaults:4)
  4 hogs (D:7)
  A hog (shapeshifter) (Elf:3)
  A human (D:7)
  5 basilisks
  67 yaks
  5 fire bats (Volcano)
  A human simulacrum (Vaults:1)
  4 wyverns
  15 golden eyes
  5 hungry ghosts
  10 vampire mosquitoes
  41 nagas
  2 acid dragons
  11 wargs
  13 water moccasins
  A spiny frog zombie (Hell)
  4 floating eyes
  8 hell hounds
  8 porcupines
  2 black bears (shapeshifter)
  A slave (D:5)
  2 ice beasts
  3 spiny frog skeletons (Hell)
  41 orc warriors
  6 sky beasts
  10 black bears
  A spriggan simulacrum (Depths:1)
  A manticore zombie (Crypt:1)
  A snapping turtle zombie (Hell)
  12 eyes of draining
  A phantom (D:12)
  44 ogres
  35 boggarts
  A necrophage (D:13)
  30 wolves
  A manticore skeleton (Crypt:3)
  9 crocodiles
  21 centaurs
  4 big kobolds
  18 bullfrogs
  4 earth elementals
  A wyvern skeleton (D:14)
  10 scorpions
  13 killer bees
  A troll skeleton (Crypt:1)
  A howler monkey (shapeshifter) (Depths:2)
  3 wights (D:13)
  6 howler monkeys
  15 crimson imps
  A bullfrog zombie (D:8)
  5 lava snakes (Volcano)
  A quasit (D:12)
  An iron imp (Depths:1)
  10 jellies
  18 orc wizards
  Crazy Yiuf (D:5)
  20 orc priests
  7 hounds
  5 iguanas
  Jessica (D:2)
  Ijyb (D:5)
  14 worker ants
  10 hell rats
  A crocodile skeleton (Crypt:1)
  2 hound zombies (D:9)
  A hound skeleton (D:4)
  Robin (D:1)
  9 adders
  12 shadow imps
  A white imp (Depths:1)
  An ufetubus (Depths:3)
  2 oozes
  2 adder skeletons
  An adder zombie (D:9)
  A worm (shapeshifter) (Vaults:4)
  5 worms
  6 dart slugs
  7 leopard geckos
  73 orcs
  12 bats
  A bat skeleton (Crypt:1)
  4 giant cockroaches
  17 goblins
  12 hobgoblins
  8 jackals
  5 quokkas
  A river rat zombie (Crypt:1)
  11 frilled lizards
  A giant cockroach zombie (Crypt:1)
  A gnoll skeleton (Crypt:2)
  A hobgoblin skeleton (Crypt:2)
  A jackal skeleton (Crypt:2)
  18 kobolds
  A leopard gecko zombie (D:7)
  A quokka skeleton (D:4)
  A quokka zombie (D:6)
  8 rats
  2 fungi
  3 plants
  7 tentacles
2798 creatures vanquished.

Vanquished Creatures (collateral kills)
  Geryon (Hell)
  An acid blob (Slime:5)
  A deep elf sorcerer (Elf:1)
  A ghoul (Crypt:2)
  2 war gargoyles (Crypt:3)
  A spark wasp (Depths:4)
  A deep elf death mage (Crypt:1)
  A crystal guardian (Crypt:3)
  A jiangshi (Crypt:1)
  A two-headed ogre (Depths:4)
  3 hell knights (Crypt:3)
  A shock serpent (Snake:4)
  A vampire mage (Crypt:1)
  4 skeletal warriors
  A deep elf archer (Elf:3)
  A fire giant zombie (Crypt:3)
  2 necromancers
  2 deep elf magi
  A frost giant skeleton (Crypt:1)
  A fire giant skeleton (Crypt:3)
  An ice statue (Hell)
  A freezing wraith (Crypt:2)
  2 golden dragon simulacra
  A hornet (Depths:3)
  A spriggan (Depths:3)
  A spiny frog zombie (Hell)
  An ice dragon simulacrum (Depths:1)
  An ogre (Depths:4)
37 creatures vanquished.

Vanquished Creatures (others)
  A caustic shrike (Depths:2)
  A death cob (Zot:1)
  A draconian monk (Zot:1)
  A frost giant (Depths:1)
  A vault warden (Vaults:2)
  An orc warlord (Orc:2)
  3 stone giants
  A vampire knight (Depths:2)
  A deep elf demonologist (Vaults:2)
  A ragged hierophant (Desolation)
  A fire dragon (Vaults:2)
  3 yaktaur captains
  An ogre mage (Volcano)
  3 hydras
  2 servants of whispers (Desolation)
  An anaconda (Snake:4)
  2 centaur warriors
  3 two-headed ogres
  5 harpies
  An orc knight (Orc:2)
  4 ironbrand convokers (Desolation)
  An orc sorcerer (Orc:1)
  3 deep elf magi
  2 cyclopes
  2 molten gargoyles (Volcano)
  2 spiny frogs (Lair:6)
  13 yaktaurs
  5 dream sheep (D:5)
  A water elemental (Hell)
  An acid dragon (Vaults:2)
  A water moccasin (Lair:6)
  An ogre (Depths:1)
  A wolf (Lair:5)
  A centaur (D:13)
  A crocodile (Slime:1)
  An orc wizard (D:8)
  2 orcs
  38 fungi
  39 plants
  81 tentacles
234 creatures vanquished.

Grand Total: 3069 creatures vanquished

Notes
Turn   | Place    | Note
-------+----------+-------------------------------------------
     0 | Abyss:1  | kefirnik the Mummy Abyssal Knight began the quest for the Orb.
     0 | Abyss:1  | Reached XP level 1. HP: 18/18 MP: 2/2
    38 | Abyss:1  | Noticed a bone dragon
   118 | D:1      | Escaped the Abyss
   401 | D:1      | Reached skill level 1 in Dodging
   436 | D:1      | Reached XP level 2. HP: 21/24 MP: 3/3
   445 | D:1      | Reached * piety under Lugonu
   998 | D:1      | Reached XP level 3. HP: 26/30 MP: 4/4
  1348 | D:2      | Noticed Robin
  1432 | D:1      | Killed Robin
  1432 | D:1      | Reached ** piety under Lugonu
  1677 | D:1      | Reached XP level 4. HP: 24/38 MP: 5/5
  2275 | D:2      | Reached skill level 2 in Dodging
  2984 | D:2      | Noticed Jessica
  2993 | D:2      | Killed Jessica
  2993 | D:2      | Reached XP level 5. HP: 43/43 MP: 6/6
  3394 | D:3      | Noticed Grinder
  3413 | D:3      | Paralysed by Grinder for 5 turns
  3817 | D:3      | Reached *** piety under Lugonu
  3896 | D:3      | Noticed a water moccasin
  3944 | D:4      | Reached skill level 3 in Dodging
  4033 | D:4      | Got an ancient scale mail
  4044 | D:4      | Identified the cursed +0 scale mail of Infinity {rC+ rN++} (You found it on level 4 of the Dungeon)
  4089 | D:4      | Got a faintly glowing long sword
  4090 | D:4      | Identified the +8 long sword of Mandamus {slice, *Slow rPois MP+9} (You found it on level 4 of the Dungeon)
  4105 | D:4      | Reached skill level 5 in Fighting
  4388 | D:4      | Reached XP level 6. HP: 26/51 MP: 7/7
  4835 | D:5      | Entered Level 5 of the Dungeon
  5145 | D:5      | Noticed Regeox's ghost (novice DsCK)
  5148 | D:5      | Cast into level 1 of the Abyss (Regeox's ghost)
  5151 | D:5      | Escaped the Abyss
  5588 | D:3      | Killed a water moccasin
  5588 | D:3      | Reached skill level 4 in Dodging
  5588 | D:3      | Reached XP level 7. HP: 56/56 MP: 10/10
  5624 | D:3      | Killed Grinder
  5985 | D:5      | Reached skill level 5 in Invocations
  6268 | D:5      | Noticed Ijyb
  6275 | D:5      | Killed Ijyb
  6330 | D:5      | Noticed Pikel
  6362 | D:4      | Killed Pikel
  6362 | D:4      | Reached skill level 5 in Dodging
  6362 | D:4      | Reached XP level 8. HP: 26/62 MP: 11/13
  6694 | D:5      | Killed Regeox's ghost
  6732 | D:5      | Found a runed door.
  6805 | D:5      | Found a shimmering altar of Xom.
  6805 | D:5      | Noticed a dream sheep
  6805 | D:5      | Noticed a dream sheep
  6805 | D:5      | Noticed a dream sheep
  6805 | D:5      | Noticed a dream sheep
  6805 | D:5      | Noticed a dream sheep
  6811 | D:5      | Killed a dream sheep
  6811 | D:5      | Killed a dream sheep
  6811 | D:5      | Killed a dream sheep
  6812 | D:5      | Killed a dream sheep
  6813 | D:5      | Killed a dream sheep
  6954 | D:5      | Reached XP level 9. HP: 60/68 MP: 14/14
  7036 | D:5      | Reached skill level 6 in Dodging
  7247 | D:5      | Noticed Crazy Yiuf
  7252 | D:5      | Killed Crazy Yiuf
  7578 | D:6      | Found a radiant altar of Vehumet.
  7731 | D:6      | Reached skill level 1 in Long Blades
  7753 | D:6      | Found a staircase to the Ecumenical Temple.
  7797 | Temple   | Entered the Ecumenical Temple
  8124 | D:7      | Got a translucent flail
  8998 | D:7      | Reached skill level 7 in Dodging
  9262 | D:8      | Reached skill level 5 in Long Blades
  9451 | D:8      | Reached XP level 10. HP: 61/74 MP: 16/16
  9505 | D:8      | Found a stormy altar of Qazlal.
  9599 | D:8      | Noticed Maurice
  9606 | D:8      | Paralysed by Maurice for 3 turns
  9614 | D:8      | Paralysed by something for 7 turns
  9805 | D:8      | Noticed a two-headed ogre
  9871 | D:8      | Banished a two-headed ogre
  9923 | D:8      | Noticed a two-headed ogre
  9924 | D:8      | Banished a two-headed ogre
 10106 | D:8      | Learned a level 3 spell: Conjure Flame
 10109 | D:8      | Learned a level 2 spell: Poisonous Vapours
 10114 | D:8      | Learned a level 3 spell: Mephitic Cloud
 10231 | D:8      | Paralysed by Maurice for 6 turns
 10242 | D:8      | Killed Maurice
 10494 | D:9      | Reached skill level 1 in Short Blades
 10506 | D:8      | Reached skill level 1 in Spellcasting
 10566 | D:8      | Reached skill level 1 in Poison Magic
 10734 | D:9      | Reached **** piety under Lugonu
 10734 | D:9      | Reached skill level 8 in Dodging
 10775 | D:9      | Noticed a two-headed ogre
 10787 | D:9      | Killed a two-headed ogre
 10801 | D:9      | Found a staircase to the Lair.
 10934 | D:9      | Reached XP level 11. HP: 75/79 MP: 17/17
 11104 | D:9      | Found a staircase to the Orcish Mines.
 11134 | D:9      | Found Coihaxkod's Magic Scroll Shoppe.
 11140 | D:9      | Bought a scroll of teleportation for 48 gold pieces
 11140 | D:9      | Bought a scroll of teleportation for 48 gold pieces
 11140 | D:9      | Bought a scroll of fog for 32 gold pieces
 11250 | Orc:1    | Entered Level 1 of the Orcish Mines
 11551 | Orc:1    | Noticed Harold
 11556 | Orc:1    | Banished Harold
 11603 | Orc:1    | Noticed Fannar
 11605 | Orc:1    | Noticed Nergalle
 11733 | Orc:1    | Noticed a spectral orc warlord
 11999 | D:9      | Killed Fannar
 12074 | D:9      | Killed Nergalle
 12350 | Orc:1    | Noticed an orc sorcerer
 12367 | Orc:1    | Killed an orc sorcerer
 12390 | Orc:1    | You fall through a shaft!
 12390 | Orc:2    | Entered Level 2 of the Orcish Mines
 12390 | Orc:2    | Found Votwagao's Antique Armour Shoppe.
 12390 | Orc:2    | Noticed an orc high priest
 12390 | Orc:2    | Noticed an orc high priest
 12471 | Orc:2    | Found a roughly hewn altar of Beogh.
 12471 | Orc:2    | Noticed Azrael
 12472 | Orc:2    | Banished Azrael
 12472 | Orc:2    | Reached skill level 1 in Air Magic
 12636 | Orc:1    | Noticed an orc sorcerer
 12656 | Orc:1    | Paralysed by an orc sorcerer for 3 turns
 12665 | Orc:1    | Killed an orc sorcerer
 12665 | Orc:1    | Reached skill level 5 in Spellcasting
 12706 | Orc:2    | Found a staircase to the Elven Halls.
 12706 | Orc:2    | Noticed an orc sorcerer
 12706 | Orc:2    | Noticed an orc sorcerer
 12712 | Orc:1    | Killed an orc sorcerer
 12718 | Orc:2    | Noticed an orc knight
 12975 | D:9      | Reached ***** piety under Lugonu
 13243 | Orc:1    | Noticed an orc sorcerer
 13254 | Orc:1    | Paralysed by an orc sorcerer for 7 turns
 13260 | Orc:1    | Killed an orc sorcerer
 13416 | Orc:2    | Paralysed by an orc sorcerer for 5 turns
 13422 | Orc:2    | Noticed an orc warlord
 13424 | Orc:1    | Banished an orc sorcerer
 13433 | Orc:1    | Reached skill level 9 in Dodging
 13710 | Lair:1   | Entered Level 1 of the Lair of Beasts
 14019 | Lair:1   | Learned a level 2 spell: Call Imp
 14022 | Lair:1   | Learned a level 2 spell: Blink
 14093 | Lair:1   | Noticed a six-headed hydra
 14095 | Lair:1   | Banished a six-headed hydra
 14103 | Lair:1   | Reached XP level 12. HP: 86/86 MP: 21/21
 14145 | Lair:1   | Noticed a four-headed hydra
 14147 | Lair:1   | Banished a four-headed hydra
 15258 | Lair:2   | Noticed Gastronok
 15265 | Lair:1   | Reached skill level 10 in Long Blades
 15686 | Lair:2   | Found a staircase to the Snake Pit.
 15948 | Lair:2   | Got a faintly humming robe
 15959 | Lair:2   | Identified the +1 robe of Trog {*Corrode rPois Dex+4} (You found it on level 2 of the Lair of Beasts)
 16269 | Lair:2   | Reached skill level 1 in Shields
 17229 | Lair:3   | Found a dark tunnel.
 17234 | Volcano  | Entered a volcano
 17763 | Volcano  | Noticed a two-headed ogre
 17768 | Volcano  | Killed a two-headed ogre
 17778 | Volcano  | Found a radiant altar of Vehumet.
 17778 | Volcano  | Noticed a two-headed ogre
 17778 | Volcano  | Noticed an ogre mage
 17778 | Volcano  | Noticed a two-headed ogre
 17792 | Volcano  | Killed a two-headed ogre
 17794 | Volcano  | Banished an ogre mage
 17795 | Volcano  | Banished a two-headed ogre
 17922 | Volcano  | Noticed a two-headed ogre
 17938 | Volcano  | Killed a two-headed ogre
 17938 | Volcano  | Gained mutation: You are in touch with the powers of death. [Mummy growth]
 17938 | Volcano  | Reached XP level 13. HP: 91/91 MP: 25/25
 17998 | Volcano  | Reached skill level 10 in Dodging
 18647 | Lair:3   | Found a staircase to the Shoals.
 19373 | Lair:4   | Reached skill level 1 in Fire Magic
 19833 | Lair:4   | Reached skill level 1 in Conjurations
 21775 | Lair:6   | Entered Level 6 of the Lair of Beasts
 22440 | Lair:6   | Reached skill level 11 in Dodging
 23381 | Lair:6   | Reached skill level 10 in Spellcasting
 23529 | Lair:6   | Found a viscous altar of Jiyva.
 23529 | Lair:6   | Found a staircase to the Slime Pits.
 23641 | Lair:6   | Reached skill level 1 in Translocations
 23788 | Lair:6   | Reached skill level 1 in Summonings
 23788 | Lair:6   | Reached XP level 14. HP: 98/98 MP: 16/28
 24802 | Lair:6   | Identified the Compendium of Heat and Necromancy
 25475 | Lair:1   | Killed Gastronok
 25639 | Lair:1   | Identified a scroll of acquirement
 25641 | Lair:1   | Got a faintly glowing bone ring
 25644 | Lair:1   | Identified the ring of the Jester {MP+9 Int+3 Dex+6} (You acquired it on level 1 of the Lair of Beasts)
 25921 | Orc:2    | Found Puimaten's Book Shoppe.
 25949 | Orc:1    | Banished an orc warlord
 26541 | Orc:2    | Noticed a stone giant
 26543 | Orc:2    | Banished a stone giant
 26971 | Orc:2    | Reached skill level 1 in Stealth
 27265 | Orc:2    | Bought a pair of glowing gloves for 225 gold pieces
 27277 | Orc:2    | Noticed Rupert
 27294 | Orc:2    | Banished Rupert
 28297 | Orc:2    | Noticed an orc warlord
 28298 | Orc:2    | Banished an orc warlord
 28320 | Orc:2    | Found Susicw Muth's Antique Weapon Emporium.
 28786 | Orc:2    | Found Fowuawi's General Store.
 28830 | Orc:2    | Found Mute's Jewellery Shop.
 28853 | Orc:2    | Bought a cursed ring of teleportation for 72 gold pieces
 28918 | Orc:2    | Bought a runed demon blade for 522 gold pieces
 29037 | Orc:2    | Bought an ominously black robe for 171 gold pieces
 29037 | Orc:2    | Bought a glowing ring mail for 210 gold pieces
 29047 | Orc:2    | Identified the +1 robe of Utroawna {+Fly rCorr} (You bought it in a shop on level 2 of the Orcish Mines)
 29158 | D:10     | Entered Level 10 of the Dungeon
 29488 | D:10     | Got a twisted mace
 29489 | D:10     | Identified the +3 mace of the Pyrrhic Victory {protect, rN+} (You found it on level 10 of the Dungeon)
 32555 | D:12     | Found Xessoag's Armour Shop.
 32565 | D:12     | Bought the +1 cloak of Starlight {rElec rC+ EV+4 Stlth--} for 623 gold pieces
 32565 | D:12     | Bought the cursed +0 pair of boots "Piammi" {Dex+4} for 236 gold pieces
 32596 | D:12     | Reached XP level 15. HP: 105/105 MP: 29/29
 33115 | D:12     | Noticed Sonja
 33126 | D:12     | Killed Sonja
 33721 | D:13     | Got an ominously black robe
 33734 | D:13     | Identified the +1 robe "Anwoig" {rElec rF+} (You found it on level 13 of the Dungeon)
 33773 | D:13     | Reached ****** piety under Lugonu
 34307 | D:13     | Noticed Josephine
 34332 | D:13     | Killed Josephine
 35096 | D:13     | Learned a level 2 spell: Sticks to Snakes
 35340 | D:13     | Found a gate to the Vaults.
 35586 | D:14     | Noticed Louise
 35805 | D:14     | Reached skill level 5 in Stealth
 35948 | D:14     | Cast into level 3 of the Abyss (Louise)
 36000 | D:14     | Escaped the Abyss
 36407 | D:14     | Reached skill level 5 in Armour
 37027 | D:15     | Entered Level 15 of the Dungeon
 37134 | D:15     | Found Meweme's Food Shop.
 37526 | D:15     | Found a staircase to the Depths.
 37877 | D:15     | Learned a level 4 spell: Passage of Golubria
 37881 | D:15     | Learned a level 3 spell: Lesser Beckoning
 37884 | D:15     | Learned a level 2 spell: Shroud of Golubria
 37889 | D:15     | Learned a level 4 spell: Control Undead
 38657 | D:15     | Noticed Roxanne
 39261 | Lair:1   | Identified a +4 quick blade of distortion (a +2 quick blade of flaming corrupted by Lugonu)
 39261 | Lair:1   | Received a gift from Lugonu
 39314 | Orc:2    | Bought a book of Air for 420 gold pieces
 39317 | Orc:2    | Learned a level 2 spell: Swiftness
 39322 | Orc:2    | Learned a level 4 spell: Airstrike
 39409 | Snake:1  | Entered Level 1 of the Snake Pit
 39419 | Snake:1  | Reached XP level 16. HP: 119/121 MP: 30/30
 40748 | Snake:1  | Reached skill level 10 in Fighting
 43621 | Snake:2  | Reached skill level 1 in Transmutations
 45278 | Snake:3  | Noticed Aizul
 45316 | Snake:3  | Killed Aizul
 45539 | Snake:3  | Reached skill level 5 in Short Blades
 46068 | Snake:3  | Reached skill level 5 in Translocations
 46660 | Snake:3  | Found Fithuibae's Book Boutique.
 47954 | Snake:4  | Entered Level 4 of the Snake Pit
 48451 | Snake:3  | Reached XP level 17. HP: 121/128 MP: 31/31
 51223 | Snake:3  | Reached skill level 5 in Shields
 56394 | Snake:4  | Reached XP level 18. HP: 76/134 MP: 32/32
 57246 | Snake:4  | Identified the +0 chain mail of the Red Skies {+Fly Stlth+} (You found it on level 4 of the Snake Pit)
 57458 | Snake:4  | Got a serpentine rune of Zot
 58686 | Lair:1   | Got a wavering granite ring
 58688 | Lair:1   | Identified the ring of Springtime {Wiz rPois Str+3 Int+4} (You acquired it on level 1 of the Lair of Beasts)
 58800 | Shoals:1 | Entered Level 1 of the Shoals
 59641 | Shoals:1 | Found Xirecaja's Jewellery Shoppe.
 60363 | Shoals:2 | Reached skill level 5 in Air Magic
 61335 | Shoals:3 | Noticed Polyphemus
 61350 | Shoals:3 | Found Ihehicag's Weapon Boutique.
 61764 | Shoals:3 | Killed Polyphemus
 62047 | Shoals:3 | Noticed Mara
 62191 | Shoals:3 | Noticed kefirnik's illusion
 62433 | Shoals:2 | Noticed kefirnik's illusion
 62748 | Shoals:2 | Noticed kefirnik's illusion
 62769 | Shoals:3 | Reached skill level 10 in Shields
 63774 | Shoals:4 | Entered Level 4 of the Shoals
 66027 | Shoals:4 | Reached skill level 5 in Transmutations
 66228 | Shoals:4 | Noticed Ilsuiw
 66435 | Shoals:3 | Killed Ilsuiw
 66435 | Shoals:3 | Reached XP level 19. HP: 140/140 MP: 17/33
 66600 | Shoals:4 | Reached skill level 12 in Dodging
 67721 | Shoals:4 | Got a translucent falchion
 67722 | Shoals:4 | Identified the cursed +0 falchion of Zoeryasm {freeze, rElec Int+4} (You found it on level 4 of the Shoals)
 67829 | Shoals:4 | Got a barnacled rune of Zot
 68248 | Shoals:2 | Noticed kefirnik's illusion
 68468 | Elf:1    | Entered Level 1 of the Elven Halls
 68535 | Elf:1    | Found a ruined gateway.
 68621 | Desolati | Entered the Desolation of Salt
 70103 | Desolati | Identified Daetahan's Collected Works on the Glacier and the Escort
 70106 | Desolati | Identified the Catalogue of Dusty Darkness
 70132 | Desolati | Got a crystal short sword
 70133 | Desolati | Identified the +9 short sword of the Gloaming {pierce, +Blink MR+ Dex-5} (You found it in the Desolation of Salt)
 70136 | Desolati | Got a jewelled chain mail
 70137 | Desolati | Identified the cursed +1 chain mail of Wonder {MR+ Str+2 Int+6 Slay-4} (You found it in the Desolation of Salt)
 70249 | Desolati | Got a pitted lapis lazuli ring
 70251 | Desolati | Identified the ring "Vuim" {rF+ rN+ Stlth+} (You took it off a servant of whispers in the Desolation of Salt)
 70752 | Desolati | Got a glittering bronze ring
 70754 | Desolati | Identified the ring of Kitru {rPois rN+} (You found it in the Desolation of Salt)
 71206 | Desolati | Learned a level 3 spell: Ozocubu's Armour
 71215 | Desolati | Got a warped helmet
 71226 | Desolati | Identified the -1 helmet "Nutioh" {rN+ MR+} (You found it in the Desolation of Salt)
 72602 | Elf:1    | Got a brightly glowing leather armour
 72617 | Elf:1    | Identified the cursed +1 leather armour of Entitlement {*Drain Int+7} (You found it on level 1 of the Elven Halls)
 73823 | Elf:2    | Reached XP level 20. HP: 147/147 MP: 34/34
 74387 | Elf:2    | Found a runed door.
 74660 | Elf:2    | Found a huge runed gate.
 74660 | Elf:2    | Found a huge runed gate.
 74660 | Elf:2    | Found a huge runed gate.
 74661 | Elf:2    | Found a huge runed gate.
 74661 | Elf:2    | Found a huge runed gate.
 75740 | Elf:2    | Reached skill level 13 in Dodging
 77826 | Elf:3    | Entered Level 3 of the Elven Halls
 77882 | Elf:3    | Found Kam Tesh's Quality Used Wands.
 77933 | Elf:3    | Got a smoking shortbow
 77934 | Elf:3    | Identified the +8 shortbow of Beptoovy {velocity, Dex+2} (You found it on level 3 of the Elven Halls)
 83141 | Elf:3    | Reached XP level 21. HP: 153/153 MP: 35/35
 83315 | Elf:3    | Identified a +1 pair of boots of running (You found it on level 3 of the Elven Halls)
 83383 | Elf:3    | Identified Deabrusm's Guide on Malediction and Blows and Bruises
 83393 | Elf:3    | Got a faintly glowing shortbow
 83394 | Elf:3    | Identified the cursed +3 shortbow "Daff" {flame, Dex+4} (You found it on level 3 of the Elven Halls)
 83401 | Elf:3    | Identified the Collected Works on Excruciating Transformation
 83977 | Vaults:1 | Entered Level 1 of the Vaults
 84107 | D:9      | Bought a scroll of enchant armour for 120 gold pieces
 84107 | D:9      | Bought a scroll of enchant armour for 120 gold pieces
 84107 | D:9      | Bought a scroll of identify for 32 gold pieces
 84107 | D:9      | Bought a scroll of silence for 120 gold pieces
 84233 | Shoals:1 | Bought a +5 amulet of reflection for 576 gold pieces
 84233 | Shoals:1 | Bought the ring "Nokhlecw" {*Drain +Blink MR+ Dex+5} for 614 gold pieces
 84519 | Vaults:1 | Reached skill level 15 in Shields
 84722 | Vaults:1 | Reached skill level 1 in Necromancy
 85458 | Vaults:1 | Reached skill level 14 in Dodging
 86816 | Vaults:2 | Reached skill level 10 in Transmutations
 87736 | Vaults:2 | Reached skill level 5 in Necromancy
 88982 | Vaults:3 | Reached XP level 22. HP: 163/163 MP: 36/36
 89432 | Vaults:3 | Reached skill level 15 in Dodging
 89669 | Vaults:3 | Found a staircase to the Crypt.
 89749 | Vaults:3 | Found Vurrestro's Weapon Boutique.
 90375 | Vaults:3 | Learned a level 1 spell: Apportation
 90796 | Vaults:3 | Found a burning altar of Makhleb.
 92767 | Vaults:4 | Got a pair of slimy gloves
 92778 | Vaults:4 | Identified the -5 pair of gloves "Sisol" {Dex+4} (You found it on level 4 of the Vaults)
 92916 | Vaults:4 | Noticed Xtahua
 92945 | Vaults:4 | Killed Xtahua
 92945 | Vaults:4 | Reached skill level 10 in Invocations
 93217 | Vaults:4 | Got an encrusted chain mail
 93218 | Vaults:4 | Identified the +10 chain mail of Tomorrow {-Tele rF+ MR+ Int+2} (You found it on level 4 of the Vaults)
 93678 | Vaults:4 | Found Vaaquzof's Antique Weapon Shoppe.
 93897 | Vaults:4 | Bought a pitted scimitar for 333 gold pieces
 93897 | Vaults:4 | Identified the +6 scimitar of Feorghen {slice, rElec rC+ rN+ Int-4 Stlth+} (You bought it in a shop on level 4 of the Vaults)
 94470 | Depths:1 | Entered Level 1 of the Depths
 94480 | Depths:1 | Noticed Asterion
 94647 | D:15     | Killed Louise
 95240 | Depths:1 | Found a gateway to Hell.
 95251 | Depths:1 | Reached XP level 23. HP: 176/176 MP: 37/37
 95283 | D:15     | Killed Asterion
 95501 | Depths:1 | Found a gateway to a ziggurat.
 95539 | Depths:1 | Found a runed door.
 97470 | Depths:1 | Found Cuokhy's Jewellery Shoppe.
 97470 | Depths:1 | Found Jequihat's Gadget Shop.
 97471 | Depths:1 | Found Ohuon's Gadget Shop.
 98744 | Depths:1 | Identified the +7 mace of the Crypt {holy, rN++ Int+3 SInv Stlth-} (You found it on level 1 of the Depths)
 99224 | Hell     | Entered the Vestibule of Hell
 99224 | Hell     | Noticed Geryon
 99898 | Hell     | Killed Geryon
101197 | Depths:1 | Reached skill level 15 in Fighting
101470 | Hell     | Found a gateway to the Iron City of Dis.
101524 | Hell     | Reached skill level 1 in Charms
101593 | Hell     | Reached skill level 1 in Ice Magic
102553 | Hell     | Found a gateway to the freezing wastes of Cocytus.
102877 | Hell     | Found a gateway to the decaying netherworld of Tartarus.
103018 | Hell     | Found a gateway to the ashen valley of Gehenna.
103170 | Depths:2 | Found a one-way gate to the infinite horrors of the Abyss.
104318 | Depths:2 | Reached skill level 10 in Necromancy
104355 | Depths:2 | Reached XP level 24. HP: 110/188 MP: 37/37
107216 | Shoals:1 | Bought the ring "Ejomip" {rCorr rF++ Int+2 Dex-2} for 623 gold pieces
108837 | Depths:3 | Reached skill level 16 in Dodging
108988 | Depths:3 | Noticed a juggernaut
109067 | Depths:3 | Killed a juggernaut
109469 | Depths:3 | Reached XP level 25. HP: 181/194 MP: 37/37
109805 | Depths:3 | Found a one-way gate leading to the halls of Pandemonium.
110984 | Depths:4 | Noticed Saint Roka
111375 | Depths:3 | Killed Saint Roka
112473 | Depths:4 | Paralysed by a floating eye for 2 turns
112481 | Depths:4 | Reached skill level 17 in Dodging
113029 | Depths:4 | Found Isoudann's Food Shoppe.
113842 | Depths:5 | Entered Level 5 of the Depths
114827 | Depths:5 | Reached skill level 10 in Armour
115287 | Depths:5 | Found a gate to the Realm of Zot.
117019 | Slime:1  | Entered Level 1 of the Pits of Slime
117044 | Slime:1  | Reached skill level 15 in Invocations
117311 | Slime:1  | Gained mutation: You are strongly in touch with the powers of death. [Mummy growth]
117311 | Slime:1  | Reached XP level 26. HP: 193/201 MP: 37/37
122889 | Slime:5  | Entered Level 5 of the Pits of Slime
122889 | Slime:5  | Noticed Donald
122905 | Slime:4  | Killed Donald
125165 | Slime:5  | Noticed the Royal Jelly
125438 | Slime:5  | Found a viscous altar of Jiyva.
125488 | Slime:5  | Killed the Royal Jelly
125691 | Slime:5  | Identified the Collected Works on the Assistive Frostbite
125698 | Slime:5  | Got a jewelled scale mail
125703 | Slime:5  | Identified the cursed +0 scale mail of Gicuxevi {rF+ rN+ Stlth-} (You found it on level 5 of the Pits of Slime)
125708 | Slime:5  | Got an ancient silver ring
125710 | Slime:5  | Identified the ring of Sainuam {Fire Str+3} (You found it on level 5 of the Pits of Slime)
125728 | Slime:5  | Got a steaming ring mail
125729 | Slime:5  | Identified the cursed +1 ring mail "Sacle" {rC++ MR+ Str+5} (You found it on level 5 of the Pits of Slime)
125732 | Slime:5  | Got a flickering tin ring
125733 | Slime:5  | Identified the ring "Teatoth" {rC+ Dex+4 Slay+2} (You found it on level 5 of the Pits of Slime)
125777 | Slime:5  | Identified a +2 pair of boots of running (You found it on level 5 of the Pits of Slime)
125782 | Slime:5  | Identified the Catalogue of the Frostbite and Transmutation
125902 | Slime:5  | Identified Sif Muna's Compendium of Ignition and Arcane Weapons
125916 | Slime:5  | Got a slimy rune of Zot
126760 | Hell     | Learned a level 5 spell: Silence
126790 | Geh:1    | Entered Level 1 of Gehenna
127490 | Crypt:1  | Entered Level 1 of the Crypt
127546 | Crypt:1  | Reached skill level 15 in Long Blades
127640 | Crypt:1  | Identified the +1 ring mail of Utrai {rF- Str+7 Stlth+} (You found it on level 1 of the Crypt)
128215 | Crypt:2  | Reached XP level 27. HP: 183/210 MP: 38/38
129211 | Crypt:3  | Entered Level 3 of the Crypt
129914 | Crypt:3  | Found a staircase to the Tomb.
130689 | Crypt:3  | Found a basalt altar of Yredelemnul.
130689 | Crypt:3  | Noticed an ancient lich
130703 | Crypt:3  | Killed an ancient lich
130733 | Crypt:3  | Got a transparent golden ring
130734 | Crypt:3  | Identified the ring of Wir Egre {rN+ Slay+6} (You found it on level 3 of the Crypt)
130783 | Crypt:3  | Got a heavily runed granite ring
130861 | Crypt:3  | Identified the ring "Ohomp" {rElec rF- rC++ rN+ Slay+5} (You took it off a hell knight on level 3 of the Crypt)
131660 | Vaults:5 | Entered Level 5 of the Vaults
132263 | Depths:5 | Got an encrusted leather armour
132274 | Depths:5 | Identified the cursed +1 leather armour "Uzoah" {-Cast rC++ Str+2 Slay+5} (You took it off a spriggan rider on level 5 of the Depths)
132320 | Zot:1    | Entered Level 1 of the Realm of Zot
133331 | Zot:1    | Reached skill level 10 in Air Magic
133779 | Zot:1    | Got a crude golden ring
133871 | Zot:1    | Identified the ring of the Five Lives {rC+ MR+ Stlth+} (You took it off a red draconian on level 1 of the Realm of Zot)
134558 | Zot:1    | Reached skill level 18 in Dodging
136507 | Zot:2    | Noticed an orb of fire
136541 | Zot:2    | Killed from afar by an orb of fire

Skill      XL: |  1  2  3  4  5  6  7  8  9 10 11 12 13 14 15 16 17 18 19 20 21 22 23 24 25 26 27 |
---------------+----------------------------------------------------------------------------------+-----
Dodging        | 1 2 3 4 5 7 8 9 11 12 13 14 15 16 17 18 | 18.3
Fighting       | 4 5 6 9 10 11 13 15 16 | 16.1
Invocations    | 2 4 6 7 8 10 11 13 15 | 15.5
Long Blades    | 5 7 9 10 11 12 13 14 15 16 | 16.1
Short Blades   | 1 3 5 8 |  8.7
Spellcasting   | 3 6 8 10 11 14 | 14.5
Poison Magic   | 1 3 |  3.0
Air Magic      | 2 4 5 8 10 | 10.7
Shields        | 4 7 10 13 14 15 | 15.0
Fire Magic     | 3 4 |  4.3
Conjurations   | 3 4 |  4.2
Translocations | 1 3 5 |  5.3
Summonings     | 1 3 |  3.0
Stealth        | 3 6 7 8 |  8.0
Armour         | 3 5 7 9 10 11 | 11.2
Transmutations | 4 5 7 9 10 | 10.0
Necromancy     | 5 8 10 11 13 14 | 14.0
Charms         | 2 4 |  4.0
Ice Magic      | 2 4 |  4.0
Polearms       | |  1.5

Action                   |  1- 3 |  4- 6 |  7- 9 | 10-12 | 13-15 | 16-18 | 19-21 | 22-24 | 25-27 || total
-------------------------+-------+-------+-------+-------+-------+-------+-------+-------+-------++-------
Melee: Spear             |   164 |   148 |       |       |       |       |       |       |       ||   312
       Dagger            |       |    25 |       |    14 |       |       |       |       |       ||    39
       Long sword        |       |    41 |   184 |   696 |  1813 |    52 |       |       |       ||  2786
       Demon blade       |       |       |       |       |    17 |  2383 |   456 |       |    20 ||  2876
       Scimitar          |       |       |       |       |       |    83 |     5 |    40 |    32 ||   160
       Katana            |       |       |       |       |       |       |  1621 |  2916 |  3208 ||  7745
       Quick blade       |       |       |       |       |       |       |       |       |     6 ||     6
Throw: Stone             |     8 |   106 |    60 |   104 |   303 |   173 |    79 |       |       ||   833
 Cast: Poisonous Vapours |       |       |       |    47 |   307 |   161 |   141 |    10 |    14 ||   680
       Mephitic Cloud    |       |       |       |     1 |    62 |    18 |    98 |    30 |    37 ||   246
       Conjure Flame     |       |       |       |       |    29 |     8 |    18 |       |       ||    55
       Blink             |       |       |       |       |     5 |    20 |     7 |     6 |     1 ||    39
       Airstrike         |       |       |       |       |       |   137 |   309 |   182 |   334 ||   962
       Sticks to Snakes  |       |       |       |       |       |    15 |    18 |    15 |    11 ||    59
       Control Undead    |       |       |       |       |       |       |     1 |    14 |    36 ||    51
       Lesser Beckoning  |       |       |       |       |       |       |       |     5 |       ||     5
Invok: Depart the Abyss  |     1 |     1 |       |       |     1 |       |       |       |       ||     3
       Bend Space        |       |     2 |       |       |       |       |       |       |       ||     2
       Banish            |       |       |       |    12 |    25 |     7 |    15 |    10 |     6 ||    75
       Brand Weapon With |       |       |       |       |     1 |       |       |       |       ||     1
Evoke: Wand              |       |       |       |     2 |       |       |     4 |     1 |     1 ||     8
  Use: Scroll            |       |     7 |     4 |     5 |    14 |    11 |    22 |     7 |    32 ||   102
 Stab: Sleeping          |       |     1 |     1 |       |     3 |       |    14 |     3 |     3 ||    25
       Confused          |       |       |       |     2 |    25 |    22 |    73 |    23 |    17 ||   162
       Distracted        |       |       |       |       |       |     4 |     1 |    11 |    13 ||    29
       Betrayed ally     |       |       |       |       |       |       |       |     1 |    10 ||    11
Armor: Leather armour    |    29 |    19 |    44 |   273 |   366 |   367 |   229 |   194 |   309 ||  1830
       Robe              |       |    25 |    14 |       |       |       |       |       |       ||    39
       Ring mail         |       |       |       |       |       |       |       |       |    96 ||    96
Dodge: Dodged            |    73 |   106 |   143 |   584 |  1531 |  1777 |   945 |  1239 |  1715 ||  8113
Block: Buckler           |       |       |       |    36 |   490 |   202 |       |       |       ||   728
       Shield            |       |       |       |       |       |   936 |  1215 |  2007 |  2455 ||  6613
       Reflection        |       |       |       |       |       |       |    52 |   111 |    47 ||   210
       Rpst.: Long sword |       |    14 |    39 |   152 |   352 |     6 |       |       |       ||   563
       Demon blade       |       |       |       |       |     2 |   324 |    67 |       |       ||   393
       Scimitar          |       |       |       |       |       |    11 |       |     3 |       ||    14
       Katana            |       |       |       |       |       |       |   158 |   232 |   326 ||   716
